 Dungeon Crawl Stone Soup version 0.17.1-1-g73c8601 (webtiles) character file.

989 Peloso the Covered (level 7, 0/62 HPs)
             Began as a Minotaur Fighter on Dec 25, 2015.
             Slain by Musteatbrain's ghost (10 damage)
             ... on level 4 of the Dungeon.
             The game lasted 00:12:08 (3494 turns).

Peloso the Covered (Minotaur Fighter)               Turns: 3494, Time: 00:12:08

Health: 0/62       AC:  7    Str: 22    XL:     7   Next: 98%
Magic:  6/6        EV: 10    Int:  5    God:
Gold:   202        SH: 10    Dex: 13    Spells: 0 memorised, 6 levels left

rFire  . . .     SeeInvis .     a - +0 long sword
rCold  . . .     Clarity  .     b - +0 scale mail
rNeg   . . .     SustAt   .     c - +0 shield
rPois  .         Gourm    +     (helmet restricted)
rElec  .         Spirit   .     (no cloak)
rCorr  .         Warding  .     (no gloves)
rMut   .         Stasis   .     (no boots)
MR     .....                    p - amulet of the gourmand
Stlth  ..........               (no ring)
                                n - +3 ring of dexterity

@: not resistant to hostile enchantments, extremely unstealthy
A: retaliatory headbutt, horns 2
a: no special abilities


You were on level 4 of the Dungeon.
You were not hungry.

You visited 1 branch of the dungeon, and saw 5 of its levels.

You collected 202 gold pieces.

Inventory:

Hand Weapons
 a - a +0 long sword (weapon)
 f - a +3 whip
Armour
 b - a +0 scale mail (worn)
 c - a +0 shield (worn)
Jewellery
 n - a +3 ring of dexterity (left hand)
 o - an uncursed amulet of resist corrosion
 p - an amulet of the gourmand (around neck)
Wands
 j - a wand of teleportation (4)
Scrolls
 g - 4 scrolls of identify {unknown}
 i - a scroll of recharging {unknown}
 l - a scroll of teleportation {unknown}
 q - a scroll of amnesia {unknown}
 r - a scroll of enchant weapon {unknown}
 s - a scroll of magic mapping {unknown}
 t - a scroll of vulnerability {unknown}
 v - a scroll of random uselessness {unknown}
Potions
 d - a potion of haste {unknown}
 h - 4 potions of curing
 m - a potion of lignification {unknown}
 u - a potion of agility {unknown}
Comestibles
 e - 3 bread rations
 k - 3 beef jerkies


   Skills:
 + Level 5.8 Fighting
 + Level 5.4 Long Blades
 + Level 6.4 Armour
 + Level 3.7 Dodging
 + Level 0.3 Stealth
 + Level 6.2 Shields


You had 6 spell levels left.
You didn't know any spells.

Dungeon Overview and Level Annotations

Branches:
Dungeon (5/15)
 Temple: D:4-7

Altars:
Qazlal
Ru
Xom

Annotations:
D:4 Musteatbrain's ghost, amateur GrFi
D:5 Jetien's ghost, amateur HOBe


Innate Abilities, Weirdness & Mutations

You reflexively headbutt those who attack you in melee.
You have a pair of horns on your head.


Message History

Edmund is almost dead.
You block Edmund's attack.
You hit Edmund.
You kill Edmund!
You hit Musteatbrain's ghost but do no damage.
You headbutt Musteatbrain's ghost, but do no damage.
You block Musteatbrain's ghost's attack.
You completely miss Musteatbrain's ghost.
You block Musteatbrain's ghost's attack.
You hit Musteatbrain's ghost but do no damage.
Musteatbrain's ghost hits you.
You hit Musteatbrain's ghost but do no damage.
Musteatbrain's ghost hits you! x2
* * * LOW HITPOINT WARNING * * *
You hit Musteatbrain's ghost but do no damage.
Musteatbrain's ghost barely misses you.
You hit Musteatbrain's ghost but do no damage.
Your headbutt misses Musteatbrain's ghost.
Musteatbrain's ghost hits you!
You die...

.........###.......!..##
.......................##
.......####.............##
.....### ###............##
...### ##............# ###
###.........## #.#.!....##
#W###..### #@# ####
#.....# #........
.........# ?........#
.........# .........#
........##


You could see Musteatbrain's ghost.

Vanquished Creatures
  Edmund (D:4)
  A centaur (D:5)
  3 ogres
  2 giant frogs (D:5)
  A scorpion (D:4)
  A centaur zombie (D:5)
  A gnoll shaman (D:5)
  A giant frog skeleton (D:5)
  2 hounds
  A killer bee zombie (D:5)
  2 worker ants
  5 gnolls (D:5)
  A shadow imp (D:5)
  3 adders
  An ooze (D:1)
  2 worms (D:2)
  3 giant geckos
  2 orcs (D:5)
  7 bats
  3 goblins
  10 hobgoblins
  2 jackals (D:1)
  A ball python zombie (D:5)
  5 giant newts
  10 kobolds
  3 rats
74 creatures vanquished.

Notes
Turn   | Place    | Note
--------------------------------------------------------------
     0 | D:1      | Peloso the Minotaur Fighter began the quest for the Orb.
     0 | D:1      | Reached XP level 1. HP: 19/19 MP: 0/0
    61 | D:1      | Reached XP level 2. HP: 27/27 MP: 1/1
   282 | D:1      | Reached skill level 4 in Fighting
   930 | D:2      | Reached XP level 3. HP: 33/33 MP: 2/2
  1267 | D:2      | Found a sacrificial altar of Ru.
  1292 | D:2      | Found a stormy altar of Qazlal.
  1653 | D:2      | Found a stormy altar of Qazlal.
  1654 | D:2      | Found a shimmering altar of Xom.
  1839 | D:3      | You fall through a shaft for 2 floors!
  1839 | D:5      | Entered Level 5 of the Dungeon
  1854 | D:5      | Reached skill level 1 in Dodging
  1854 | D:5      | Reached XP level 4. HP: 35/40 MP: 3/3
  1875 | D:5      | Noticed a giant frog
  1883 | D:5      | Killed a giant frog
  1883 | D:5      | Reached XP level 5. HP: 17/47 MP: 4/4
  2165 | D:5      | Noticed a giant frog
  2170 | D:5      | Killed a giant frog
  2170 | D:5      | Reached skill level 5 in Armour
  2176 | D:5      | Reached XP level 6. HP: 45/55 MP: 5/5
  2180 | D:5      | Reached skill level 5 in Fighting
  2543 | D:5      | Reached skill level 5 in Shields
  2603 | D:5      | Noticed an ogre
  2611 | D:5      | Killed an ogre
  2615 | D:5      | Reached XP level 7. HP: 52/61 MP: 6/6
  2744 | D:5      | Noticed an ogre
  2746 | D:5      | Noticed Jetien's ghost (amateur HOBe)
  2789 | D:4      | Noticed Musteatbrain's ghost (amateur GrFi)
  2866 | D:5      | Killed an ogre
  2866 | D:5      | Reached skill level 5 in Long Blades
  3139 | D:4      | Reached skill level 6 in Armour
  3432 | D:4      | Noticed Edmund
  3488 | D:4      | Killed Edmund
  3494 | D:4      | Slain by Musteatbrain's ghost

Action                   |  1- 3 |  4- 6 |  7- 9 || total
-------------------------+-------+-------+-------++-------
Melee: Long sword        |   114 |    56 |    64 ||   234
  Use: Potion            |       |       |     2 ||     2
  Eat: Chunk             |     4 |     7 |     2 ||    13
